 Dungeon Crawl Stone Soup version 0.32-a0-893-gf85d74f360 (webtiles) character file.

Game seed: 1926863477267051854

53296 Griffin23 the Fencer (level 14, -11/137 HPs)
             Began as a Minotaur Fighter on Apr 3, 2024.
             Was a High Priest of Okawaru.
             Mangled by a cane toad (12 damage)
             ... on level 5 of the Lair of Beasts.
             The game lasted 00:38:28 (20435 turns).

Griffin23 the Fencer (Minotaur Fighter)            Turns: 20435, Time: 00:38:32

Health: -11/137    AC: 25    Str: 32    XL:     14   Next: 30%
Magic:  0/18       EV:  7    Int:  5    God:    Okawaru [*****.]
Gold:   470        SH:  5    Dex: 10    Spells: 13/13 levels left

rFire   . . .        S - +4 scimitar (flame)
rCold   . . .        c - +0 buckler
rNeg    . . .        d - +0 plate armour
rPois   .            (helmet restricted)
rElec   .            o - +2 cloak
rCorr   +            r - +0 pair of gloves
SInv    .            Y - +2 pair of boots {rampage}
Will    +....        D - amulet of guardian spirit Stlth
                     U - +6 ring of strength
HPRegen 0.42/turn    b - ring of resist corrosion
MPRegen 0.16/turn

%: guardian spirit, rampage
@: brilliant, lethally poisoned (-11 -> -54), about to teleport, slowed,
studying Axes, very slow
A: horns 2, retaliatory headbutt
a: Renounce Religion, Heroism, Finesse, Duel


You were on level 5 of the Lair of Beasts.
You worshipped Okawaru.
Okawaru was extremely pleased with you.
You visited 3 branches of the dungeon, and saw 17 of its levels.

You collected 953 gold pieces.
You spent 483 gold pieces at shops.

Inventory:

Hand Weapons
 a - a +0 long sword
 G - a +0 scimitar
 H - the +4 scimitar "Ruky" {flame, rF++ MP-9}
   (You bought it in a shop on level 9 of the Dungeon)

   rF++:      It greatly protects you from fire.
   MP-9:      It affects your magic capacity (-9).
 S - a +4 scimitar of flaming (weapon)
 V - a +7 scimitar
Missiles
 v - 4 javelins
 M - 7 boomerangs (quivered)
 O - 6 silver javelins
Armour
 c - a +0 buckler (worn)
 d - a +0 plate armour (worn)
 o - a +2 cloak (worn)
 r - a +0 pair of gloves (worn)
 Y - a +2 pair of boots of rampaging (worn)
Jewellery
 b - a ring of resist corrosion (right hand)
 i - an amulet of magic regeneration
 w - a +6 ring of strength
 y - a ring of fire
 D - an amulet of guardian spirit (around neck)
 U - a +6 ring of strength (left hand)
 W - a ring of flight
Wands
 B - a wand of flame (9)
 F - a wand of warping (32)
 I - a wand of polymorph (9)
 J - a wand of paralysis (7)
 N - a wand of quicksilver (17)
 R - a wand of digging (4)
Scrolls
 h - 2 scrolls of brand weapon {unknown}
 l - 2 scrolls of teleportation
 m - 2 scrolls of immolation {unknown}
 n - 2 scrolls of acquirement {unknown}
 p - 2 scrolls of summoning {unknown}
 q - 4 scrolls of enchant armour
 s - 2 scrolls of noise {unknown}
 x - 5 scrolls of vulnerability
 C - 3 scrolls of fog {unknown}
 E - a scroll of revelation {unknown}
 K - a scroll of fear {unknown}
 Q - 3 scrolls of enchant weapon {unknown}
 T - 6 scrolls of identify
Potions
 e - 3 potions of attraction
 f - 2 potions of degeneration {unknown}
 g - 3 potions of berserk rage
 j - 2 potions of haste
 k - 2 potions of invisibility
 t - 2 potions of cancellation {unknown}
 u - 3 potions of enlightenment
 z - 4 potions of lignification
 A - 2 potions of ambrosia {unknown}
 L - 3 potions of brilliance
 P - 4 potions of mutation {unknown}
 X - a potion of might


   Skills:
 * Level 16.0 Fighting
 * Level 16.6 Long Blades
 + Level 2.6 Throwing
 + Level 13.8 Armour
 - Level 8.6 Shields
 + Level 7.3 Invocations
 + Level 6.5 Evocations


You had 13 spell levels left.
You didn't know any spells.
Your spell library contained the following spells:

 Spells                   Type           Power      Damage    Failure   Level
 Apportation              Tloc           0%         N/A       97%         1
 Magic Dart               Conj           0%         1d3       97%         1
 Sandblast                Erth           0%         2d4       97%         1
 Sting                    Conj/Alch      0%         1d3       97%         1
 Cigotuvi's Dreadful Rot  Necr/Alch/Air  0%         N/A       99%         2
 Ensorcelled Hibernation  Hex/Ice        0%         N/A       99%         2
 Jinxbite                 Hex            0%         N/A       99%         2
 Mercury Vapours          Alch/Air       0%         N/A       99%         2
 Fugue of the Fallen      Necr           0%         N/A       100%        3
 Inner Flame              Hex/Fire       0%         N/A       100%        3
 Passwall                 Erth           0%         N/A       100%        3
 Sigil of Binding         Hex            0%         N/A       100%        3
 Volatile Blastmotes      Fire/Tloc      0%         2d10      100%        3
 Anguish                  Hex/Necr       0%         N/A       100%        4
 Dimensional Bullseye     Hex/Tloc       0%         N/A       100%        4
 Dispel Undead            Necr           0%         3d6       100%        4
 Flame Wave               Conj/Fire      0%         2d4       100%        4
 Olgreb's Toxic Radiance  Alch           0%         N/A       100%        4
 Sticky Flame             Fire/Alch      0%         2d4       100%        4
 Vhi's Electric Charge    Tloc/Air       0%         N/A       100%        4
 Alistair's Intoxication  Alch           0%         N/A       100%        5
 Borgnjor's Vile Clutch   Necr/Erth      0%         N/A       100%        5
 Bombard                  Conj/Erth      0%         9d1       100%        6
 Permafrost Eruption      Ice/Erth       0%         2x4d1     100%        6
 Call Canine Familiar     Summ           Unusable   N/A       N/A         3
 Martyr's Knell           Necr/Summ      Unusable   N/A       N/A         4

Dungeon Overview and Level Annotations

Branches:
Dungeon (11/15)            Temple (1/1) D:4            Lair (5/5) D:9
  Swamp (0/4) Lair:2       Spider (0/4) Lair:2        Slime (0/5) Lair:4
    Orc (0/2) D:9

Altars:
Ashenzari
Cheibriados
Dithmenos
Elyvilon
Fedhas
Gozag
Hepliaklqana
Kikubaaqudgha
Makhleb
Nemelex Xobeh
Okawaru
Qazlal
Ru
Sif Muna
Trog
Uskayaw
Vehumet
Wu Jian
Xom
Yredelemnul
Zin
The Shining One
Jiyva

Shops:
D:1 =   D:9 (

Annotations:
D:5 3 runed translucent doors, ForkInBrain's ghost, amateur DrDe


Innate Abilities, Weirdness & Mutations

You have a pair of horns on your head.
You reflexively headbutt those who attack you in melee.


Message History

The cane toad stings you but does no damage. x3
The redback bites you but does no damage.
The cane toad stings you!
You are more poisoned.
The cane toad poisons you!
Okay, then.
As you read the scroll of teleportation, it crumbles to dust.
You feel strangely unstable.
* * * LOW HITPOINT WARNING * * *
You feel extremely sick. You block the wolf spider's attack.
The wolf spider bites you but does no damage.
The cane toad barely misses you.
The cane toad stings you but does no damage.
The redback bites you but does no damage.
The wolf spider hits you!
* * * LOW HITPOINT WARNING * * *
You block the wolf spider's attack.
The cane toad stings you but does no damage. x2
The redback bites you!
* * * LOW HITPOINT WARNING * * *
You are more poisoned.
The redback poisons you!
The cane toad stings you but does no damage.
The cane toad barely misses you. You furiously retaliate!
You headbutt the cane toad. The wolf spider barely misses you.
The wolf spider bites you but does no damage.
It was a potion of brilliance.
You feel clever all of a sudden.
* * * LOW HITPOINT WARNING * * *
You feel extremely sick.
The cane toad stings you but does no damage.
The cane toad closely misses you.
The redback bites you but does no damage.
The wolf spider hits you but does no damage.
The wolf spider bites you but does no damage.
The cane toad barely misses you. You furiously retaliate!
You headbutt the cane toad. You block the cane toad's attack.
The cane toad stings you!
You die...

.
#......#.....##.......≈
.P ...##....##.....†..§
.P. #....##......†..≈
.P. ##...##...........
.# #...##.....#......
.###
##..##....###....#.
...###
#..##...###.....<..
..P..#
#####FF..###..........
..P... ##..Ss@F###
.......... ......
#....Fs## ..........
...... #...P.F#
.......... ..P...
##....## .......##
.....# ##..## .........
...### #.. .# #........
S### #.. ...###....##
.# #.. .....#....##
.... ... #.........##


You could see a wolf spider, a guardian serpent, 5 cane toads and a redback.

Vanquished Creatures
  6 hydras
  2 catoblepae
  3 two-headed ogres
  A centaur warrior (D:9)
  3 boulder beetles
  4 death yaks (Lair:5)
  Nergalle (Lair:2)
  2 fire crabs (Lair:4)
  3 skysharks (Lair:5)
  The ghost of pokeman the Thaumaturge, a novice DEHW of Vehumet (D:9)
  A lindwurm (Lair:4)
  Maurice (D:7)
  An ugly thing (D:10)
  14 elephants
  7 black mambas
  14 cane toads
  A torpor snail (Lair:4)
  An unseen horror (D:8)
  2 rime drakes
  11 komodo dragons
  An efreet (D:9)
  A polar bear (Lair:3)
  3 hornets
  2 tyrant leeches (Lair:2)
  3 trolls
  A dream sheep (Lair:4)
  5 blink frogs
  A slime creature (D:9)
  A culicivora (Lair:2)
  57 yaks
  7 wyverns
  5 basilisks
  5 vampire mosquitoes (Lair:4)
  2 redbacks
  A steam dragon (D:7)
  A swamp worm (Lair:2)
  22 water moccasins
  5 orc warriors
  A sky beast (D:6)
  2 black bears
  4 ice beasts
  6 wolves (Lair:1)
  3 centaurs
  Blork the orc (D:5)
  A phantom (D:6)
  17 bullfrogs
  2 scorpions (D:5)
  10 wights
  7 killer bees
  An electric eel (Lair:1)
  4 howler monkeys (D:9)
  7 jellies
  5 orc priests
  3 bombardier beetles
  2 hounds
  Jessica (D:2)
  Natasha (thrice) (D:2)
  12 iguanas
  9 orc wizards
  7 gnolls (D:4)
  10 adders
  A shadow imp (D:7)
  A white imp (D:6)
  4 ribbon worms
  41 orcs
  5 ball pythons
  13 endoplasms
  A giant cockroach (D:3)
  14 goblins
  13 hobgoblins
  7 quokkas
  7 bats
  4 frilled lizards
  14 kobolds
  2 rats
447 creatures vanquished.

Vanquished Creatures (others)
  An arcanist (D:10)
1 creature vanquished.

Grand Total: 448 creatures vanquished

Notes
Turn   | Place    | Note
-------+----------+-------------------------------------------
     0 | D:1      | Griffin23 the Minotaur Fighter began the quest for the Orb.
     0 | D:1      | Reached XP level 1. HP: 19/19 MP: 0/0
   224 | D:1      | Reached XP level 2. HP: 27/27 MP: 1/1
   441 | D:1      | Found Lefuit's Jewellery Emporium.
   660 | D:2      | Reached XP level 3. HP: 17/33 MP: 2/2
   872 | D:2      | Noticed Jessica
   875 | D:2      | Killed Jessica
   883 | D:2      | Noticed Natasha
   886 | D:2      | Reached XP level 4. HP: 39/40 MP: 3/3
   893 | D:2      | Killed Natasha
  1113 | D:2      | Noticed Natasha
  1125 | D:2      | Killed Natasha
  1214 | D:2      | Reached XP level 5. HP: 47/47 MP: 4/4
  1451 | D:2      | Noticed Natasha
  1462 | D:2      | Killed Natasha
  2072 | D:3      | Reached skill level 5 in Long Blades
  2076 | D:3      | Reached XP level 6. HP: 53/55 MP: 5/5
  2121 | D:3      | Reached skill level 5 in Armour
  2127 | D:3      | Reached skill level 5 in Fighting
  2550 | D:4      | Reached skill level 5 in Shields
  2723 | D:4      | Found a shimmering altar of Xom.
  3189 | D:4      | Found a staircase to the Ecumenical Temple.
  3202 | Temple   | Entered the Ecumenical Temple
  3209 | Temple   | Became a worshipper of Warmaster Okawaru
  3486 | D:5      | Entered Level 5 of the Dungeon
  3488 | D:5      | Found a basalt altar of Yredelemnul.
  3533 | D:5      | Noticed Blork the orc
  3544 | D:5      | Killed Blork the orc
  3545 | D:5      | Reached XP level 7. HP: 39/61 MP: 6/6
  3922 | D:5      | Found a glowing golden altar of the Shining One.
  4207 | D:5      | Found a stormy altar of Qazlal.
  4245 | D:5      | Found an ancient bone altar of Kikubaaqudgha.
  4252 | D:5      | Found a runed translucent gate.
  4253 | D:5      | Found a runed translucent gate.
  4253 | D:5      | Found a runed translucent gate.
  4254 | D:5      | Noticed ForkInBrain's ghost (amateur DrDe)
  4613 | D:6      | Found an opulent altar of Gozag.
  4659 | D:6      | Noticed a yak
  4659 | D:6      | Noticed a yak
  4660 | D:6      | Noticed a yak
  4661 | D:6      | Noticed a yak
  4662 | D:6      | Noticed a yak
  4665 | D:6      | Noticed a yak
  4670 | D:6      | Killed a yak
  4670 | D:6      | Reached * piety under Okawaru
  4671 | D:6      | Reached XP level 8. HP: 49/70 MP: 7/7
  4692 | D:6      | HP: 3/71 [yak (5)]
  4912 | D:6      | Found Zin's Purification Station.
  4916 | D:6      | Found a glowing silver altar of Zin.
  4921 | D:6      | Bought a potion of curing for 90 gold pieces
  5238 | D:6      | Identified the +0 scale mail of Uskayaw's Inspiration
                  | {Str+4 Slay+3}
  5275 | D:6      | Reached ** piety under Okawaru
  5281 | D:6      | Reached XP level 9. HP: 16/79 MP: 8/8
  6598 | D:7      | Reached skill level 10 in Long Blades
  6748 | D:7      | Noticed Maurice
  6767 | D:7      | Killed Maurice
  6767 | D:7      | Reached *** piety under Okawaru
  6849 | D:7      | Reached XP level 10. HP: 74/90 MP: 9/9
  7021 | D:7      | Found a flagged portal.
  7911 | D:8      | Reached **** piety under Okawaru
  8073 | D:8      | Noticed a two-headed ogre
  8088 | D:8      | Killed a two-headed ogre
  8565 | D:8      | Got the Encyclopedia of Toxic Violence
  8729 | D:9      | Found an ornate altar of the Wu Jian Council.
  8882 | D:9      | Found a staircase to the Orcish Mines.
  9016 | D:9      | Found a staircase to the Lair.
  9020 | D:9      | Noticed pokeman's ghost (novice DEHW)
  9020 | D:9      | Noticed an 11-headed hydra
  9021 | D:9      | Found a runed translucent gate.
  9021 | D:9      | Found a runed translucent gate.
  9021 | D:9      | Found a runed translucent gate.
  9044 | D:9      | Found a hazy altar of Hepliaklqana.
  9050 | D:9      | Found a radiant altar of Vehumet.
  9104 | D:9      | Found Gask's Weapon Emporium.
  9110 | D:9      | Bought the +4 scimitar "Ruky" {flame, rF++ MP-9} for 393
                  | gold pieces
  9126 | D:9      | Got the Vellum of Grit
  9183 | D:9      | Noticed a centaur warrior
  9183 | D:9      | Noticed a cyan ugly thing
  9544 | D:9      | Found a hide-covered altar of Uskayaw.
  9544 | D:9      | Noticed a +0 hand axe
  9545 | D:9      | Noticed a +0 dagger
  9550 | D:9      | Killed a centaur warrior
  9551 | D:9      | Reached skill level 10 in Fighting
  9551 | D:9      | Reached skill level 10 in Armour
  9808 | D:9      | Noticed a two-headed ogre
  9815 | D:9      | Killed a two-headed ogre
  9815 | D:9      | Reached ***** piety under Okawaru
  9818 | D:9      | Reached XP level 11. HP: 88/100 MP: 1/10
  9920 | D:9      | Received a gift from Okawaru
 10141 | D:10     | Entered Level 10 of the Dungeon
 10200 | D:10     | Found a bloodstained altar of Trog.
 11017 | D:10     | Identified the +8 great mace of Wanemean {heavy, rElec
                  | rPois rC+ rN+}
 11202 | D:10     | Noticed a red ugly thing
 11214 | D:10     | Killed a red ugly thing
 11384 | D:10     | Noticed a wizard
 11387 | D:10     | Killed a wizard
 11452 | D:10     | Noticed a two-headed ogre
 11465 | D:10     | Killed a two-headed ogre
 11826 | Lair:1   | Entered Level 1 of the Lair of Beasts
 11899 | Lair:1   | Received a gift from Okawaru
 11926 | Lair:1   | Reached skill level 1 in Invocations
 11926 | Lair:1   | Reached skill level 1 in Evocations
 12581 | Lair:1   | Identified the +0 cloak of Complete Protection {-Cast
                  | Dex+4}
 12671 | Lair:1   | Reached XP level 12. HP: 112/112 MP: 13/13
 12697 | Lair:1   | Reached skill level 15 in Long Blades
 13128 | Lair:1   | Noticed a catoblepas
 13169 | Lair:1   | Killed a catoblepas
 14316 | Lair:2   | Received a gift from Okawaru
 14691 | Lair:2   | Found a hole to the Spider Nest.
 15077 | Lair:2   | Noticed Nergalle
 15095 | Lair:2   | Killed Nergalle
 15206 | Lair:2   | Noticed a six-headed hydra
 15213 | Lair:2   | Killed a two-headed hydra
 15213 | Lair:2   | Received a gift from Okawaru
 15539 | Lair:2   | Found a staircase to the Swamp.
 15953 | D:9      | Killed an eight-headed hydra
 15961 | D:9      | Killed pokeman's ghost
 16086 | Lair:3   | Reached skill level 5 in Invocations
 16171 | Lair:3   | Noticed a seven-headed hydra
 16178 | Lair:3   | Killed a three-headed hydra
 16179 | Lair:3   | Reached XP level 13. HP: 97/123 MP: 10/15
 16308 | Lair:3   | Identified the +6 scale mail of Tycven {Will+ Regen+ Str+2}
 16457 | Lair:3   | Received a gift from Okawaru
 16691 | Lair:3   | Found a transporter.
 16693 | Lair:3   | Found a transporter.
 17112 | Lair:4   | Reached skill level 5 in Evocations
 17629 | Lair:4   | Found a staircase to the Slime Pits.
 17629 | Lair:4   | Found a viscous altar of Jiyva.
 17664 | Lair:4   | Received a gift from Okawaru
 18388 | Lair:4   | Reached skill level 15 in Fighting
 18604 | Lair:4   | Received a gift from Okawaru
 18615 | Lair:4   | Reached ****** piety under Okawaru
 19346 | Lair:5   | Entered Level 5 of the Lair of Beasts
 19509 | Lair:5   | Reached skill level 1 in Throwing
 19914 | Lair:5   | Received a gift from Okawaru
 19953 | Lair:5   | Reached XP level 14. HP: 119/135 MP: 15/18
 20197 | Lair:5   | Received a gift from Okawaru
 20435 | Lair:5   | HP: 1/137 [poisoned by a redback]
 20435 | Lair:5   | Mangled by a cane toad

Illustrated notes

Levels and vault maps discovered:
D:1:      tarquinn_simple_flora_water_a, layout_basic, serial_shops, shop,
          wander_ebering_terrifying_dragon_lair
D:2:      layout_basic, kennysheep_generic_room_9, uniq_jessica, uniq_natasha
D:3:      corexii_shack_village, layout_basic
D:4:      layout_cave_pods, lemuel_crystal_altar, temple_green
D:5:      layout_loops_ring, general_overflow_altar,
          mainiacjoe_overflow_surrounded_room, nicolae_tso_swordbearing_angel,
          overflow_temple_1_default, ebering_ghost_rock_garden,
          uniq_blork_the_orc
D:6:      layout_layer_cave, zin_purify, mainiacjoe_overflow_tiny_flanked
D:7:      layout_basic, enter_bailey_3, uniq_maurice
D:8:      layout_basic
D:9:      layout_loops_ring, dancing_weapons_uskayaw, nzn_wu_jian_contemplation,
          mainiacjoe_overflow_large_starburst, david_orc_2, serial_shops,
          nicolae_shop_stone, gammafunk_ghost_hydra_chop, nicolae_doodle_vault
D:10:     layout_layer_cave, trog_wizard
D:11:     layout_big_octagon, gauntlet_entry_generic
Temple:   hellmonk_temple_micro_hex
Lair:1:   layout_regular_city, chequers_serial_rivers_small_b,
          wad_woods_river_02
Lair:2:   beast_lair_carwin_large_4, layout_gridlike, minmay_swamp_entry_worms,
          spider_nest_entry_funnel_web, uniq_nergalle
Lair:3:   gammafunk_boulding_lane, layout_loops_ring, serial_rivers,
          chequers_serial_rivers_micro_b, chequers_serial_rivers_small_b,
          chequers_serial_rivers_micro_b, chequers_serial_rivers_room_b
Lair:4:   nzn_winding_woodlands_stair_cross
          [nzn_winding_woodlands_5x15_split_checker,
          nzn_winding_woodlands_center_diamonds,
          nzn_winding_woodlands_5x15_pool, nzn_winding_woodlands_5x5_open_star,
          nzn_winding_woodlands_5x5_default,
          nzn_winding_woodlands_5x15_concentric,
          nzn_winding_woodlands_center_garden,
          nzn_winding_woodlands_5x15_lazy_stream], layout_gridlike,
          nicolae_slime_entry_slimehenge, roderic_carrion_pond,
          beast_lair_carwin_11, lemuel_fruit_tree
Lair:5:   hangedman_lair_tendril_chambers, layout_regular_city,
          guppyfry_lair_end_dragon, nicolae_quartered_pool_impasse

Skill      XL: |  1  2  3  4  5  6  7  8  9 10 11 12 13 14 |
---------------+-------------------------------------------+-----
Long Blades    | 3 4 5 7 9 11 13 14 16 | 16.6
Shields        | 4 5 6 7 8 |  8.6
Fighting       | 4 5 6 7 8 10 11 13 15 16 | 16.0
Armour         | 4 5 6 7 8 10 11 12 13 | 13.8
Invocations    | 2 5 6 7 |  7.3
Evocations     | 2 4 6 |  6.5
Throwing       | 1 2 |  2.6

Action                     |  1- 3 |  4- 6 |  7- 9 | 10-12 | 13-15 || total
---------------------------+-------+-------+-------+-------+-------++-------
  Melee: Long sword        |    89 |   218 |   224 |       |       ||   531
         Headbutt          |    12 |    33 |    55 |   170 |   123 ||   393
         Scimitar          |       |       |    71 |   647 |   509 ||  1227
         Unarmed           |       |       |    13 |       |       ||    13
 Invoke: Heroism           |       |       |       |     7 |     5 ||    12
         Finesse           |       |       |       |     1 |       ||     1
  Evoke: Wand              |       |       |     2 |     1 |       ||     3
    Use: Potion            |       |     1 |     4 |     3 |     2 ||    10
         Scroll            |       |       |     1 |    10 |     3 ||    14
   Stab: Confused          |       |       |     1 |       |       ||     1
 Armour: Scale mail        |    90 |    90 |       |       |       ||   180
         Chain mail        |       |   108 |   130 |       |       ||   238
         Skin              |       |     5 |     5 |       |       ||    10
         Plate armour      |       |       |   181 |   654 |   485 ||  1320
  Dodge: Dodged            |    52 |    92 |   127 |   207 |   171 ||   649
  Block: Buckler           |    26 |    62 |    86 |   171 |   149 ||   494

Table legend: (Time is in decaauts)
 A = Elapsed time spent in this place.
 B = Non-inter-level travel time spent in this place.
 C = Inter-level travel time spent in this place.
 D = Time resting spent in this place.
 E = Time spent auto-exploring this place.
 F = Levels seen in this place.
 G = Mean time per level.
                   A        B        C        D        E       F      G
               +--------+--------+--------+--------+--------+-----+--------+
         Total |  20254 |  19158 |   1096 |   2182 |  13971 |  17 | 1191.4 |
       Dungeon |  12126 |  11406 |    720 |    498 |   9161 |  11 | 1102.4 |
        Temple |     14 |     14 |      0 |      0 |      0 |   1 |   14.0 |
          Lair |   8113 |   7737 |    376 |   1684 |   4810 |   5 | 1622.6 |
               +--------+--------+--------+--------+--------+-----+--------+

Top non-repeatable levels by time:
  Lair:4: 2313 daAuts
  Lair:1: 2250 daAuts
     D:6: 1863 daAuts
     D:9: 1647 daAuts
    D:10: 1596 daAuts
  Lair:2: 1595 daAuts
     D:7: 1173 daAuts
     D:5: 1135 daAuts
     D:8: 1113 daAuts
     D:3: 1059 daAuts
  Lair:5: 1025 daAuts
     D:4: 979 daAuts
     D:2: 943 daAuts
  Lair:3: 929 daAuts
     D:1: 613 daAuts
